Map: Acropolis LE

Players

Worldisdoom

  • Race: Zerg Zerg
  • League: Master
  • Spawn Location: 11:00

Freak - Winner!

  • Race: Protoss Protoss
  • League: Master
  • Spawn Location: 5:00

VOD

Have the link to the VOD?

Description

Time

  • Played on: Oct. 6, 2019, 7:51 p.m.
  • Length: 10:13
Show
View Real Time Build Order
Export as new Build Order

Worldisdoom Zerg 

Build Orders: Hatch First 

Get SALT Encoding   

  12  0:00  Drone  
  13  0:13  Overlord  
  13  0:17  Drone  
  14  0:31  Drone  
  15  0:37  Drone  
  16  0:48  Hatchery  
  15  0:52  Drone  
  16  0:57  Extractor  
  16  0:58  Drone  
  16  1:08  Drone  
  17  1:17  Spawning Pool  
  16  1:20  Drone  
  17  1:34  Drone  
  18  1:42  Drone  
  19  1:51  Drone  
  20  2:04  Queen  
  20  2:05  Metabolic Boost  
  20  2:07  Queen  
  24  2:14  Drone x2  
  26  2:21  Overlord  
  26  2:23  Drone  
  26  2:24  Drone  
  28  2:40  Pneumatized Carapace  
  28  2:42  Zergling x4  
  30  2:57  Hatchery  
  29  3:01  Drone x4  
  29  3:02  Drone  
  34  3:08  Overlord  
  34  3:23  Drone x2  
  34  3:24  Overlord  
  34  3:26  Queen  
  38  3:38  Drone  
  38  3:39  Drone x4  
  38  3:40  Roach Warren  
  42  3:50  Lair  
  42  3:51  Overlord  
  42  4:00  Overlord, Extractor  
  42  4:01  Drone x3  
  44  4:10  Drone x4  
  44  4:14  Extractor  
  47  4:25  Spore Crawler  
  46  4:35  Drone x3  
  46  4:36  Drone x3  
  52  4:41  Spore Crawler  
  53  4:45  Roach  
  53  4:46  Roach x5  
  63  4:58  Overlord x2  
  63  5:06  Roach x3  
  69  5:08  Ravager  
  69  5:10  Glial Reconstitution  
  70  5:15  Ravager  
  70  5:16  Zergling x4  
  70  5:17  Zergling x12  
  70  5:18  Zergling x4  
  81  5:27  Overseer  
  81  5:28  Ravager  
  82  5:37  Ravager  
  83  5:50  Zergling x2  
  83  5:51  Zergling x12  
  83  5:52  Overlord x3  
  86  6:07  Ravager x3  
  88  6:14  Roach x2  
  88  6:15  Roach  
  73  6:35  Roach x2  
  73  6:36  Roach x5  
  77  6:45  Zergling x4  
  68  6:58  Zergling x2  
  68  6:59  Zergling x6  
  58  7:08  Ravager x2  
  55  7:13  Zergling x2  
  55  7:23  Roach  
  55  7:24  Roach x2  
  54  7:41  Roach x2  
  34  7:58  Roach  
  32  7:59  Roach  
  17  8:19  Zergling x8  
  21  8:20  Hatchery  
  18  8:27  Hatchery  
  14  8:42  Drone x2  
  14  8:43  Queen  
  18  8:55  Drone  
  19  9:04  Drone  
  20  9:21  Drone  
  20  9:24  Drone  
  22  9:36  Drone x2  
  24  9:42  Drone  
  24  9:46  Drone x2  
  24  9:52  Drone  
  27  9:56  Drone  
Show
View Real Time Build Order
Export as new Build Order

Freak Protoss - Winner!

Build Orders: 1 Gate Expand 

Get SALT Encoding   

  12  0:00  Probe  
  13  0:15  Probe  
  13  0:21  Pylon  
  14  0:27  Probe (Chrono Boost)  
  15  0:39  Probe (Chrono Boost)  
  16  0:48  Gateway, Probe (Chrono Boost)  
  16  0:49  Assimilator  
  17  0:53  Probe  
  18  1:06  Probe  
  19  1:18  Probe  
  20  1:24  Nexus  
  20  1:30  Probe  
  21  1:37  Cybernetics Core  
  21  1:42  Probe  
  21  1:44  Assimilator  
  22  1:50  Pylon  
  22  1:54  Probe  
  23  2:08  Probe  
  23  2:15  Adept  
  26  2:19  Robotics Facility  
  26  2:23  Probe (Chrono Boost)  
  26  2:25  Warp Gate  
  27  2:33  Probe (Chrono Boost)  
  29  2:38  Probe (Chrono Boost)  
  29  2:43  Probe (Chrono Boost)  
  30  2:45  Probe (Chrono Boost)  
  30  2:48  Adept  
  30  2:50  Probe (Chrono Boost)  
  34  2:51  Probe (Chrono Boost)  
  34  2:57  Gateway  
  35  3:01  Probe (Chrono Boost)  
  37  3:08  Probe (Chrono Boost)  
  37  3:15  Immortal  
  37  3:17  Probe  
  42  3:27  Probe (Chrono Boost)  
  43  3:39  Probe (Chrono Boost)  
  43  3:41  Pylon  
  43  3:44  Probe (Chrono Boost)  
  44  3:48  Pylon  
  44  3:53  Probe (Chrono Boost)  
  44  3:59  Immortal  
  44  4:01  Gateway  
  48  4:02  Gateway  
  48  4:04  Gateway  
  48  4:14  Sentry x2  
  52  4:23  Probe  
  53  4:31  Gateway  
  53  4:32  Gateway  
  53  4:34  Gateway  
  53  4:38  Warp Prism  
  53  4:40  Pylon  
  53  4:42  Sentry x2  
  59  4:48  Probe  
  60  4:59  Sentry x2  
  64  5:05  Gateway  
  64  5:06  Gateway  
  64  5:07  Gateway  
  64  5:09  Pylon  
  64  5:11  Pylon  
  64  5:14  Observer  
  64  5:17  Zealot  
  67  5:21  Probe  
  67  5:25  Gateway  
  67  5:27  Pylon  
  67  5:28  Pylon  
  68  5:34  Zealot, Sentry  
  68  5:35  Zealot x4  
  80  5:48  Zealot x2  
  84  5:58  Sentry  
  84  6:06  Zealot x4  
  80  6:32  Zealot x6  
  76  6:33  Zealot x6  
  88  6:55  Zealot  
  88  6:56  Zealot x2  
  69  7:22  Zealot x2  
  63  7:43  Probe  
  52  8:02  Probe (Chrono Boost)  
  52  8:03  Probe (Chrono Boost)  
  44  8:25  Probe x2  
  46  8:40  Probe (Chrono Boost)  
  48  8:46  Immortal, Probe (Chrono Boost)  
  48  8:52  Sentry x8  
  64  8:58  Probe (Chrono Boost)  
  64  9:01  Probe (Chrono Boost)  
  67  9:13  Probe (Chrono Boost)  
  67  9:17  Probe (Chrono Boost)  
  67  9:22  Probe (Chrono Boost)  
  67  9:24  Nexus  
  69  9:29  Probe (Chrono Boost)  
  71  9:31  Pylon  
  71  9:32  Probe (Chrono Boost), Sentry  
  71  9:34  Sentry  
  75  9:45  Probe x2  
  77  9:47  Assimilator  
  77  9:48  Assimilator  
  77  9:59  Probe x2  
  79  10:05  Twilight Council  
  79  10:06  Shield Battery  
  79  10:09  Shield Battery  
Tags
 
Add a new tag
Caveats
  • Supply blocks, unpowered buildings, or Contaminate may cause inaccurate times.
  • Supply counts are checked every 10 seconds.